 Dungeon Crawl Stone Soup version 0.30.1-3-gfc49f6343a (webtiles) character file.

Game seed: 9083655858472177529

793 monsoonserge the Ducker (level 7, -3/59 HPs)
             Began as a Merfolk Monk on Aug 8, 2023.
             Slain by an ogre
             ... wielding a +0 giant club
              (21 damage)
             ... on level 4 of the Dungeon.
             The game lasted 00:12:38 (3030 turns).

monsoonserge the Ducker (Merfolk Monk)              Turns: 3030, Time: 00:12:39

Health: -3/59      AC:  9    Str: 11    XL:     7   Next: 88%
Magic:  7/7        EV: 13    Int:  9    God:
Gold:   206        SH:  4    Dex: 19    Spells: 6/6 levels left

rFire   + . .        a - +0 falchion
rCold   . . .        z - +0 buckler
rNeg    . . .        g - +0 ring mail
rPois   .            (no helmet)
rElec   .            j - +0 cloak
rCorr   .            o - +0 pair of gloves
SInv    .            y - +0 pair of boots
Will    .....        u - amulet of regeneration
Stlth   +            l - ring of protection from fire
HPRegen 1.09/turn    (no ring)
MPRegen 0.10/turn

%: no passive effects
@: no status effects
A: (nimble swimmer 2), mertail
a: no special abilities


You were on level 4 of the Dungeon.
You visited 1 branch of the dungeon, and saw 6 of its levels.

You collected 206 gold pieces.

Inventory:

Hand Weapons
 a - a +0 falchion (weapon)
Missiles
 b - 10 poisoned darts (quivered)
Armour
 d - an orb of light
 g - a +0 ring mail (worn)
 j - a +0 cloak (worn)
 o - a +0 pair of gloves (worn)
 p - a +0 chain mail
 v - a +0 scale mail
 y - a +0 pair of boots (worn)
 z - a +0 buckler (worn)
Jewellery
 l - a ring of protection from fire (left hand)
 m - a ring of fire
 u - an amulet of regeneration (around neck)
 x - a ring of ice
Wands
 E - a wand of flame (6)
Scrolls
 e - 3 scrolls of fog {unknown}
 f - 4 scrolls of identify {unknown}
 i - a scroll of torment {unknown}
 k - 2 scrolls of brand weapon {unknown}
 q - 4 scrolls of enchant armour {unknown}
 r - 2 scrolls of noise {unknown}
 t - a scroll of enchant weapon {unknown}
 w - a scroll of amnesia {unknown}
 B - a scroll of acquirement {unknown}
 D - a scroll of vulnerability {unknown}
Potions
 c - a potion of ambrosia
 h - 3 potions of curing
 n - a potion of attraction
 s - a potion of brilliance {unknown}
 A - a potion of resistance {unknown}
 C - a potion of magic {unknown}
 F - a potion of might {unknown}


   Skills:
 + Level 6.4 Fighting
 - Level 4.0 Long Blades
 + Level 1.0 Throwing
 + Level 3.3 Armour
 + Level 6.8 Dodging
 + Level 1.1 Stealth
 * Level 0.9 Shields


You had 6 spell levels left.
You didn't know any spells.
Your spell library contained the following spells:

 Spells                   Type           Power      Damage    Failure   Level
 Magic Dart               Conj           0%         1d3       80%         1
 Blink                    Tloc           0%         N/A       90%         2
 Lesser Beckoning         Tloc           0%         N/A       90%         2
 Momentum Strike          Conj/Tloc      0%         3d8       90%         2
 Searing Ray              Conj           0%         2d4       90%         2
 Fulminant Prism          Conj/Hex       0%         3d5       100%        4


Dungeon Overview and Level Annotations

Branches:
Dungeon (6/15)
 Temple: D:4-7

Altars:
Uskayaw

Shops:
D:1 (   D:2 (


Innate Abilities, Weirdness & Mutations

((You are very nimble when in or above water. (Stealth+, EV+, Speed+++)))
Your lower body shifts to a powerful aquatic tail in water.


Message History

Found a scroll labelled YHYUBL MA MAM.
F - a brown potion
There are no items here.
f - 4 scrolls labelled YHYUBL MA MAM (gained 1)
There are no items here.
You pick up a book of Conjurations and begin reading...
You add the spells Magic Dart, Searing Ray and Fulminant Prism to your library.
You now have 206 gold pieces (gained 4).
There are no items here.
An ogre comes into view. It is wielding a +0 giant club.
Found a potion of attraction and a potion of curing.
Found a gilded ring.
A gnoll comes into view. It is wielding a +0 club.
The ogre hits you with a +0 giant club!
You barely miss the ogre. You hit the ogre.
The ogre is lightly wounded.
The ogre barely misses you.
You hit the ogre but do no damage.
The ogre is lightly wounded.
You block the ogre's attack.
You hit the ogre.
The ogre is moderately wounded.
The ogre hits you with a +0 giant club!
You slash the ogre!
The ogre is severely wounded.
You hit the ogre.
The ogre is severely wounded.
The ogre hits you with a +0 giant club. The gnoll hits you but does no damage.
You hit the ogre.
The ogre is almost dead.
The ogre hits you with a +0 giant club!!
* * * LOW HITPOINT WARNING * * *
The gnoll hits you but does no damage.
Unknown command.
You hit the ogre but do no damage.
The ogre is almost dead.
The gnoll barely misses you.
The ogre hits you with a +0 giant club!!
You die...

..... #.#....#
#.#!# ....# #.....
=.....## ....#
#..... .#..!..#
...# ...# #......#
...## ##.###......
# ..## #.......#
###..# #..##...#
....# #..##..g#
....# ####.####.@#
###.###....###..O#
..#..........#....
..#.###......#...##
......#..........#
.###..#...........
...#....##.#......
#..#.....####.....
#.......)>.# .....


You could see an ogre and a gnoll.

Vanquished Creatures
  A water moccasin (D:5)
  4 scorpions
  A howler monkey (D:5)
  3 hounds
  3 iguanas
  Natasha (D:2)
  9 gnolls
  7 adders
  A shadow imp (D:6)
  2 worms (D:3)
  2 dart slugs
  An orc (D:5)
  11 ball pythons
  6 endoplasms
  5 goblins
  3 hobgoblins
  6 jackals
  4 quokkas
  3 bats
  3 frilled lizards (D:2)
  5 kobolds
  3 rats
84 creatures vanquished.

Notes
Turn   | Place    | Note
-------+----------+-------------------------------------------
     0 | D:1      | monsoonserge the Merfolk Monk began the quest for the Orb.
     0 | D:1      | Reached XP level 1. HP: 18/18 MP: 1/1
   276 | D:1      | Reached XP level 2. HP: 24/24 MP: 2/2
   287 | D:1      | Found Nimnugu's Antique Weapon Emporium.
   377 | D:1      | Found a faded altar of an unknown god.
   643 | D:2      | Reached XP level 3. HP: 30/30 MP: 3/3
   844 | D:2      | Found Zuyss's Weapon Shop.
   994 | D:2      | Noticed Natasha
  1004 | D:2      | Killed Natasha
  1005 | D:2      | Reached skill level 5 in Dodging
  1005 | D:2      | Reached XP level 4. HP: 18/37 MP: 4/4
  1563 | D:3      | You fall into a shaft and drop 2 floors!
  1563 | D:5      | Entered Level 5 of the Dungeon
  1572 | D:5      | Noticed a water moccasin
  1581 | D:5      | Reached skill level 1 in Armour
  1581 | D:5      | Reached XP level 5. HP: 36/43 MP: 5/5
  1593 | D:5      | Killed a water moccasin
  1594 | D:5      | Reached skill level 5 in Fighting
  1597 | D:5      | Reached XP level 6. HP: 16/51 MP: 6/6
  1600 | D:5      | Noticed a +0 short sword
  1600 | D:5      | Noticed a +0 falchion
  1600 | D:5      | Noticed a +0 spear
  1600 | D:5      | Noticed a +0 falchion
  1600 | D:5      | Noticed a +0 dagger
  1600 | D:5      | Noticed a +0 short sword
  1600 | D:5      | Noticed a +0 spear
  1601 | D:5      | Noticed a +0 dagger
  1612 | D:5      | Found a hide-covered altar of Uskayaw.
  1764 | D:5      | Reached skill level 1 in Stealth
  1912 | D:6      | Reached XP level 7. HP: 50/57 MP: 7/7
  2462 | D:4      | Reached skill level 1 in Throwing
  3030 | D:4      | Slain by an ogre

Illustrated notes

Levels and vault maps discovered:
D:1:      lemuel_arrival_broad_hall, layout_basic,
          shapermc_ecumenical_altar_mp_urbaneastern, serial_shops, shop,
          serial_park_tiny_pond
D:2:      layout_loops_cross, serial_shops, nicolae_shop_bloodbath_and_beyond,
          uniq_natasha
D:3:      layout_loops_cross
D:4:      layout_cave_pools, nicolae_ru_awakened_eye, lemuel_round_altar,
          serial_glass, glass_columns_b, glass_columns_a, grunt_ministairs_13,
          hangedman_decor_points, nicolae_grassy_gnolls
D:5:      layout_loops_ring, nicolae_uskayaw_en_pointe
D:6:      layout_rooms, mainiacjoe_overflow_boulevard, grunt_gozag_statues

Skill      XL: |  1  2  3  4  5  6  7 |
---------------+----------------------+-----
Long Blades    | 4 |  4.0
Fighting       | 4 5 6 |  6.4
Dodging        | 5 6 |  6.8
Armour         | 1 2 3 |  3.3
Stealth        | 1 |  1.1
Throwing       | 1 |  1.0
Shields        | |  0.9

Action                     |  1- 3 |  4- 6 |  7- 9 || total
---------------------------+-------+-------+-------++-------
  Melee: Falchion          |    61 |   124 |   177 ||   362
  Throw: Dart              |       |     7 |     7 ||    14
    Use: Potion            |       |     4 |     2 ||     6
 Armour: Robe              |     2 |       |       ||     2
         Ring mail         |     9 |    44 |    68 ||   121
  Dodge: Dodged            |    35 |    88 |   156 ||   279
  Block: Buckler           |       |       |    38 ||    38
